 Dungeon Crawl Stone Soup version 0.32-a0-931-g5a2cda0630 (webtiles) character file.

Game seed: 4123948135869966002

41159 Gazog the Slicer (level 14, -31/77 HPs)
             Began as a Vine Stalker Gladiator on Apr 14, 2024.
             Was an Initiate of Gozag.
             Annihilated by an enormous slime creature (58 damage)
             ... on level 13 of the Dungeon.
             The game lasted 00:26:17 (14889 turns).

Gazog the Slicer (Vine Stalker Gladiator)          Turns: 14889, Time: 00:26:17

Health: -31/77     AC: 25    Str: 18    XL:     14   Next: 14%
Magic:  0/15       EV: 11    Int:  8    God:    Gozag
Gold:   2018       SH:  0    Dex: 24    Spells: 13/13 levels left

rFire   + . .        G - +2 rapier (drain)
rCold   . . .        (no shield)
rNeg    . . .        m - +1 chain mail of the Skies Above {rF+}
rPois   .            H - +2 helmet {SInv}
rElec   .            S - +1 cloak {rCorr}
rCorr   +            n - +0 pair of gloves
SInv    +            (no boots)
Will    +....        F - amulet "Reoduing" {Will- Regen+ RegenMP+ Dex+4 Slay+5} Stlth
                     i - ring of willpower
HPRegen 1.92/turn    o - +4 ring of protection
MPRegen 0.54/turn

%: guardian spirit
@: gold aura
A: fangs 3, regeneration 1, magic shield, antimagic bite, no potion heal 2
a: Renounce Religion, Potion Petition, Call Merchant, Bribe Branch


You were on level 13 of the Dungeon.
You worshipped Gozag.
Gozag was most pleased with you.
You visited 3 branches of the dungeon, and saw 16 of its levels.
You also visited: Ossuary and Ice Cave.

You collected 4199 gold pieces.
You spent 195 gold pieces at shops.
You paid 1986 gold pieces to Gozag.

Inventory:

Hand Weapons
 p - a +2 dagger of venom
 G - a +2 rapier of draining (weapon)
Missiles
 d - 3 throwing nets (quivered)
 e - a javelin
 D - 3 curare-tipped darts
Armour
 m - the +1 chain mail of the Skies Above (worn) {rF+}
   (You found it on level 2 of the Dungeon)

   rF+:       It protects you from fire.
 n - a +0 pair of gloves (worn)
 H - a +2 helmet of see invisible (worn)
 N - a +1 kite shield of cold resistance
 S - a +1 cloak of preservation (worn)
Jewellery
 i - a ring of willpower (left hand)
 k - a +6 ring of dexterity
 o - a +4 ring of protection (right hand)
 y - a ring of see invisible
 E - a +6 ring of intelligence
 F - the amulet "Reoduing" (around neck) {Will- Regen+ RegenMP+ Dex+4 Slay+5}
   (You acquired it on level 1 of the Orcish Mines)

   [amulet of magic regeneration]

   It increases your rate of magic regeneration.
   Dex+4:     It affects your dexterity (+4).
   Slay+5:    It affects your accuracy & damage with ranged weapons and melee
   (+5).
   Will-:     It decreases your willpower.
   Regen+:    It increases your rate of health regeneration.
   RegenMP+:  It increases your rate of magic regeneration.
 R - a ring of ice
Wands
 w - a wand of iceblast (4)
 z - a wand of flame (43)
 B - a wand of polymorph (4)
 O - a wand of acid (6)
 Q - a wand of mindburst (7)
Scrolls
 a - a scroll of vulnerability
 f - 6 scrolls of teleportation
 j - 3 scrolls of enchant weapon
 l - a scroll of amnesia
 q - 4 scrolls of silence
 s - 2 scrolls of revelation
 v - a scroll of identify
 C - a scroll of enchant armour
 J - a scroll of torment
 K - 3 scrolls of blinking
Potions
 b - 5 potions of brilliance
 c - 3 potions of haste
 g - 2 potions of mutation
 h - 5 potions of lignification
 r - 5 potions of curing
 t - 4 potions of berserk rage
 u - 4 potions of might
 x - a potion of resistance
 A - 2 potions of enlightenment
 L - a potion of heal wounds {unknown}
 P - a potion of attraction {unknown}


   Skills:
 + Level 10.3 Fighting
 * Level 13.6 Short Blades
 - Level 1.9 Throwing
 + Level 12.2 Armour
 + Level 6.4 Dodging


You had 13 spell levels left.
You didn't know any spells.
Your spell library contained the following spells:

 Spells                   Type           Power      Damage    Failure   Level
 Magic Dart               Conj           0%         1d3       94%         1
 Necrotise                Necr           0%         1d4       94%         1
 Sandblast                Erth           0%         2d4       94%         1
 Shock                    Conj/Air       0%         1d3       94%         1
 Slow                     Hex            0%         N/A       94%         1
 Summon Small Mammal      Summ           0%         N/A       94%         1
 Blink                    Tloc           0%         N/A       98%         2
 Call Imp                 Summ           0%         N/A       98%         2
 Cigotuvi's Dreadful Rot  Necr/Alch/Air  0%         N/A       98%         2
 Ensorcelled Hibernation  Hex/Ice        0%         N/A       98%         2
 Static Discharge         Conj/Air       0%         3-3/arc   98%         2
 Sublimation of Blood     Necr           0%         N/A       98%         2
 Call Canine Familiar     Summ           0%         N/A       100%        3
 Confusing Touch          Hex            0%         N/A       100%        3
 Fugue of the Fallen      Necr           0%         N/A       100%        3
 Ozocubu's Armour         Ice            0%         N/A       100%        3
 Passwall                 Erth           0%         N/A       100%        3
 Stone Arrow              Conj/Erth      0%         3d7       100%        3
 Summon Ice Beast         Ice/Summ       0%         N/A       100%        3
 Swiftness                Air            0%         N/A       100%        3
 Vampiric Draining        Necr           0%         2d6       100%        3
 Volatile Blastmotes      Fire/Tloc      0%         2d10      100%        3
 Airstrike                Air            0%         2d(0-16)  100%        4
 Anguish                  Hex/Necr       0%         N/A       100%        4
 Brom's Barrelling Bould  Conj/Erth      0%         2d3       100%        4
 Dispel Undead            Necr           0%         3d6       100%        4
 Fulminant Prism          Conj/Alch      0%         3d5       100%        4
 Iskenderun's Mystic Bla Conj/Tloc 0%             2d3        (+2d1     100%        4
 Leda's Liquefaction      Alch/Erth      0%         N/A       100%        4
 Martyr's Knell           Necr/Summ      0%         N/A       100%        4
 Summon Blazeheart Golem  Fire/Summ      0%         N/A       100%        4
 Summon Lightning Spire   Summ/Air       0%         N/A       100%        4
 Vhi's Electric Charge    Tloc/Air       0%         N/A       100%        4
 Lee's Rapid Deconstruct  Erth           0%         3d4*      100%        5
 Summon Mana Viper        Hex/Summ       0%         N/A       100%        5
 Bombard                  Conj/Erth      0%         9d1       100%        6
 Permafrost Eruption      Ice/Erth       0%         2x4d1     100%        6
 Manifold Assault         Tloc           0%         N/A       100%        7
 Monstrous Menagerie      Summ           0%         N/A       100%        7


Dungeon Overview and Level Annotations

Branches:
Dungeon (13/15)            Temple (1/1) D:5            Lair (0/5) D:9
    Orc (2/2) D:12            Elf (0/3) Orc:2       Ossuary (visited)
  IceCv (visited)
 Vaults: D:13-14

Altars:
Ashenzari
Cheibriados
Dithmenos
Elyvilon
Fedhas
Gozag
Hepliaklqana
Kikubaaqudgha
Makhleb
Nemelex Xobeh
Okawaru
Qazlal
Ru
Sif Muna
Trog
Uskayaw
Vehumet
Wu Jian
Xom
Yredelemnul
Zin
The Shining One
Beogh

Shops:
D:2 [   D:8 ?   D:10 *[   D:11 :   Orc:2 *[[(

Annotations:
D:10 2 transporters, GiantSquids's ghost, journeyman OpSh
D:12 1 transporter
Temple 4 transporters


Innate Abilities, Weirdness & Mutations

You have razor-sharp teeth.
Your natural rate of healing is unusually fast.
When hurt, damage is shared between your health and your magic reserves.
Your bite disrupts and absorbs the magic of your enemies.
Potions cannot restore your health.


Message History

The slime creature barely misses you.
You impale the slime creature!! You bite the slime creature!
You drain its power.
The slime creature is heavily wounded.
The slime creature hits you!
You puncture the slime creature!
The slime creature is severely wounded.
You hit the slime creature. You drain the slime creature.
You bite the slime creature!
You kill the slime creature!
The centaur shoots an arrow.
The arrow hits you.
Two slime creatures merge to form a large slime creature.
The centaur warrior barely misses you. The centaur warrior closely misses you.
The centaur unwields a +0 shortbow.
The centaur hits you but does no damage.
The centaur barely misses you.
The centaur is distracted by your dazzling golden aura.
Two slime creatures merge to form a very large slime creature.
The centaur warrior hits you. The centaur warrior barely misses you.
Two slime creatures merge to form an enormous slime creature.
There is an open door here.
You see here 6 gold pieces.
The centaur shouts!
You impale the centaur warrior!! You drain the centaur warrior.
You bite the centaur warrior! You drain its power.
You feel invigorated.
The centaur warrior is severely wounded.
The centaur hits you but does no damage.
The centaur kicks you but does no damage.
The centaur warrior closely misses you.
The centaur warrior kicks you but does no damage.
You puncture the centaur warrior! You drain the centaur warrior.
You kill the centaur warrior!
The enormous slime creature hits you!!!
Ouch! That really hurt!
You are too injured to fight recklessly!
The enormous slime creature attacks as it pursues you!
The enormous slime creature hits you!!!
Ouch! That really hurt!
You die...
Your body crumbles into a pile of gold.

#......# #......
#......# #......
#......# #......
#......# ###.?....
#......# #........
#...c..+ #......
#cJ....# #..<...
#J# #####.# #@###
#.# #...# #.#
###.#### #..
#......# ##.
#......# #######+
#......# #.......
#......# #.......
#......####.......
#....>)()##.......


You could see an enormous slime creature, a slime creature and 2 centaurs.

Vanquished Creatures
  2 orc warlords
  Snorg (D:11)
  Harold (D:10)
  3 centaur warriors
  An ogre mage (D:11)
  A hydra (D:13)
  2 boulder beetles
  7 two-headed ogres
  4 skeletal warriors (D:12)
  Pikel (D:6)
  2 orc knights (Orc:2)
  A deep elf pyromancer (D:11)
  4 ugly things
  3 orc sorcerers (Orc:2)
  3 cyclopes
  4 manticores (D:11)
  2 kobold blastminers (Orc:2)
  A gargoyle (D:12)
  2 ice statues (IceCv)
  Jeremiah (D:7)
  An unseen horror (shapeshifter) (D:11)
  An anaconda simulacrum (IceCv)
  3 komodo dragons
  6 trolls
  A hornet (D:11)
  Prince Ribbit (D:5)
  A shadow (D:10)
  A slime creature (D:13)
  24 yaks
  2 vampires
  A wraith (D:9)
  2 wyverns
  3 wargs
  3 vampire mosquitoes (D:12)
  A death yak simulacrum (IceCv)
  A steam dragon (D:9)
  Grum (D:8)
  Menkaure (D:6)
  4 water moccasins
  2 acid dragons (D:11)
  Duvessa (D:5)
  An ice beast (D:8)
  A black bear (D:6)
  2 sky beasts
  33 orc warriors
  A laughing skull (D:11)
  7 ogres
  4 wolves
  7 centaurs
  A phantom (D:6)
  A lemure (D:6)
  7 kobold brigands
  7 bullfrogs
  4 gnoll sergeants
  4 scorpions
  Dowan (D:5)
  An elephant simulacrum (IceCv)
  A killer bee (D:9)
  2 electric eels (D:10)
  3 howler monkeys
  A bombardier beetle (D:5)
  2 gnoll boudas
  3 jellies
  3 hounds
  28 orc priests
  22 orc wizards
  Terence (D:3)
  An iguana (D:5)
  Natasha (thrice) (D:3)
  A polar bear simulacrum (IceCv)
  8 mummies (Ossuary)
  38 gnolls
  7 adders
  4 river rats (D:7)
  14 white imps
  2 ufetubi (D:4)
  2 ribbon worms
  106 orcs
  8 bats
  7 endoplasms
  6 giant cockroaches
  2 gnoll zombies (Ossuary)
  3 goblins
  8 hobgoblins
  12 jackals (D:3)
  6 quokkas
  12 ball pythons
  3 frilled lizards (D:1)
  23 kobolds
  3 kobold zombies (Ossuary)
  3 orc zombies (Ossuary)
  2 rats
539 creatures vanquished.

Vanquished Creatures (others)
  An orc warrior (Orc:1)
  2 orc wizards
  An orc (Orc:1)
4 creatures vanquished.

Grand Total: 543 creatures vanquished

Notes
Turn   | Place    | Note
-------+----------+-------------------------------------------
     0 | D:1      | Gazog the Vine Stalker Gladiator began the quest for the
                  | Orb.
     0 | D:1      | Reached XP level 1. HP: 11/11 MP: 2/2
   254 | D:1      | Reached XP level 2. HP: 13/15 MP: 1/3
   646 | D:2      | Reached XP level 3. HP: 14/18 MP: 2/4
   748 | D:2      | Reached skill level 3 in Short Blades
   748 | D:2      | Reached skill level 1 in Armour
   786 | D:2      | Found Ofis's Armour Shop.
   792 | D:2      | Found a blossoming altar of Fedhas.
   998 | D:2      | Reached XP level 4. HP: 22/23 MP: 5/5
  1052 | D:2      | Identified the +1 chain mail of the Skies Above {rF+}
  1232 | D:3      | Noticed Natasha
  1236 | D:3      | Killed Natasha
  1304 | D:3      | Reached skill level 4 in Short Blades
  1304 | D:3      | Reached XP level 5. HP: 26/26 MP: 6/6
  1360 | D:3      | Found an ancient bone altar of Kikubaaqudgha.
  1478 | D:3      | Found a burning altar of Makhleb.
  1608 | D:3      | Found a radiant altar of Vehumet.
  1608 | D:3      | Found a faded altar of an unknown god.
  1692 | D:3      | Noticed Terence
  1704 | D:3      | Killed Terence
  1723 | D:3      | Reached skill level 5 in Short Blades
  1726 | D:3      | Noticed Natasha
  1733 | D:3      | Killed Natasha
  1735 | D:3      | Reached XP level 6. HP: 26/30 MP: 4/7
  1761 | D:3      | Found an iron altar of Okawaru.
  1808 | D:3      | Noticed Natasha
  1818 | D:3      | Killed Natasha
  2038 | D:3      | Reached skill level 6 in Short Blades
  2236 | D:3      | Reached XP level 7. HP: 35/35 MP: 5/8
  2341 | D:3      | Reached skill level 7 in Short Blades
  2975 | D:5      | Entered Level 5 of the Dungeon
  2977 | D:5      | Noticed Prince Ribbit
  2991 | D:5      | Killed Prince Ribbit
  2992 | D:5      | Reached skill level 8 in Short Blades
  2992 | D:5      | Gained mutation: You have razor-sharp teeth. [Vine Stalker
                  | growth]
  2992 | D:5      | Reached XP level 8. HP: 38/39 MP: 9/9
  3013 | D:5      | Found a staircase to the Ecumenical Temple.
  3074 | Temple   | Found a transporter.
  3074 | Temple   | Found a transporter.
  3074 | Temple   | Found a transporter.
  3074 | Temple   | Found a transporter.
  3074 | Temple   | Entered the Ecumenical Temple
  3108 | D:5      | Found a sacrificial altar of Ru.
  3325 | D:5      | Reached skill level 9 in Short Blades
  3506 | D:5      | Noticed Duvessa
  3507 | D:5      | Noticed Dowan
  3525 | D:5      | Killed Duvessa
  3541 | D:5      | Killed Dowan
  4214 | D:6      | Reached skill level 10 in Short Blades
  4265 | D:6      | Reached XP level 9. HP: 42/42 MP: 7/10
  4333 | D:6      | Found a sand-covered staircase.
  4360 | Ossuary  | Entered an ossuary
  4886 | D:6      | Noticed Menkaure
  4898 | D:6      | Killed Menkaure
  4970 | D:6      | Noticed Pikel
  5026 | D:6      | Killed Pikel
  5027 | D:6      | Reached XP level 10. HP: 39/49 MP: 9/11
  5043 | D:6      | Reached skill level 5 in Armour
  5362 | D:7      | Found a shimmering blue altar of Sif Muna.
  5442 | D:7      | Noticed Jeremiah
  5647 | D:7      | Killed Jeremiah
  5758 | D:7      | You fall into a shaft and drop 2 floors!
  5843 | D:8      | Found Muinesi's Magic Scroll Emporium.
  6009 | D:7      | Reached skill level 5 in Fighting
  6165 | D:7      | Noticed a two-headed ogre
  6176 | D:7      | Killed a two-headed ogre
  6606 | D:8      | Noticed Grum
  6729 | D:8      | Killed Grum
  6772 | D:8      | Found a shimmering blue altar of Sif Muna.
  6773 | D:8      | Found a hide-covered altar of Uskayaw.
  6773 | D:8      | Found a shimmering altar of Xom.
  6774 | D:8      | Found a snail-covered altar of Cheibriados.
  7231 | D:8      | Found an opulent altar of Gozag.
  7231 | D:8      | Found a bloodstained altar of Trog.
  7237 | D:8      | Found a faded altar of an unknown god.
  7239 | D:8      | Found a shadowy altar of Dithmenos.
  7241 | D:8      | Found a broken altar of Ashenzari.
  7252 | D:8      | Became a worshipper of Gozag Ym Sagoz the Greedy
  7298 | D:9      | Reached XP level 11. HP: 56/56 MP: 12/12
  7621 | D:9      | Noticed a two-headed ogre
  7640 | D:9      | Killed a two-headed ogre
  7858 | D:9      | Found a staircase to the Lair.
  8158 | D:9      | Found a white marble altar of Elyvilon.
  8280 | D:10     | Entered Level 10 of the Dungeon
  8499 | D:10     | Found Hemozer's General Store.
  8650 | D:10     | Reached skill level 5 in Dodging
  8697 | D:10     | Found a hazy altar of Hepliaklqana.
  8849 | D:10     | Found a bloodstained altar of Trog.
  8849 | D:10     | Noticed a moth of wrath
  8852 | D:10     | Noticed GiantSquids's ghost (journeyman OpSh)
  8882 | D:10     | Noticed a tengu warrior
  8887 | D:10     | Found a transporter.
  8892 | D:10     | Found a transporter.
  8995 | D:10     | Noticed a two-headed ogre
  9010 | D:10     | Killed a two-headed ogre
  9291 | D:11     | Noticed Harold
  9292 | D:11     | Found Ypausch's Book Emporium.
  9343 | D:11     | Noticed a cyan ugly thing
  9366 | D:10     | Killed Harold
  9413 | D:10     | Killed a cyan ugly thing
  9501 | D:11     | Noticed a manticore
  9512 | D:11     | Killed a manticore
  9567 | D:11     | Noticed a boulder beetle
  9568 | D:11     | Noticed an ogre mage
  9568 | D:11     | Noticed a centaur warrior
  9569 | D:11     | Noticed Snorg
  9569 | D:11     | Noticed a deep elf pyromancer
  9595 | D:11     | Killed Snorg
  9596 | D:11     | Reached XP level 12. HP: 10/64 MP: 0/13
  9602 | D:11     | Killed a centaur warrior
  9603 | D:11     | Reached skill level 10 in Armour
  9610 | D:11     | Killed an ogre mage
  9679 | D:10     | Killed a boulder beetle
 10019 | D:11     | Noticed a two-headed ogre
 10043 | D:11     | Killed a two-headed ogre
 10151 | D:11     | Noticed a boulder beetle
 10229 | D:11     | Killed a boulder beetle
 10271 | D:11     | Noticed a two-headed ogre
 10296 | D:11     | Killed a two-headed ogre
 10348 | D:11     | Found a hazy altar of Hepliaklqana.
 10428 | D:11     | Noticed a two-headed ogre
 10457 | D:11     | Killed a two-headed ogre
 10458 | D:11     | Reached skill level 11 in Short Blades
 10482 | D:11     | Got the Lessons on the Mausoleum
 10484 | D:11     | Identified the +9 glaive "Zesch" {drain, MP+9 Str+2 Int-4}
 10592 | D:11     | Reached XP level 13. HP: 52/70 MP: 14/14
 11219 | D:12     | Found a staircase to the Orcish Mines.
 11274 | D:12     | Found a shimmering blue altar of Sif Muna.
 11280 | D:12     | Found a transporter.
 11927 | D:12     | Found a roughly hewn altar of Beogh.
 12335 | Orc:1    | Entered Level 1 of the Orcish Mines
 12469 | Orc:1    | Noticed an orc warlord
 12513 | D:12     | Killed an orc warlord
 12645 | Orc:1    | Reached skill level 12 in Short Blades
 12717 | Orc:1    | Found a frozen archway.
 12766 | IceCv    | Entered an ice cave
 12794 | IceCv    | Found a transporter.
 12826 | IceCv    | Found a transporter.
 12969 | Orc:1    | Identified a scroll of acquirement
 12969 | Orc:1    | Acquired the amulet "Reoduing" {Will- Regen+ RegenMP+ Dex+4
                  | Slay+5}
 13230 | Orc:2    | Entered Level 2 of the Orcish Mines
 13273 | Orc:2    | Reached skill level 10 in Fighting
 13368 | Orc:2    | Found a roughly hewn altar of Beogh.
 13519 | Orc:2    | Found a roughly hewn altar of Beogh.
 13535 | Orc:2    | Found Neoff's Armour Emporium.
 13746 | Orc:2    | Found a staircase to the Elven Halls.
 13887 | Orc:2    | Noticed an orc warlord
 13943 | Orc:2    | Killed an orc warlord
 13944 | Orc:2    | Reached skill level 13 in Short Blades
 13965 | Orc:2    | Reached XP level 14. HP: 77/77 MP: 15/15
 14257 | Orc:2    | Found a roughly hewn altar of Beogh.
 14257 | Orc:2    | Found Lutitti's Assorted Antiques.
 14326 | Orc:2    | Found Goul's Antique Armour Shop.
 14327 | Orc:2    | Found a roughly hewn altar of Beogh.
 14328 | Orc:2    | Found Eliho's Antique Weapon Boutique.
 14335 | Orc:2    | Bought a glowing cloak for 195 gold pieces
 14889 | D:13     | Annihilated by an enormous slime creature

Illustrated notes

Levels and vault maps discovered:
D:1:      scummos_arrival_checkerplants, layout_basic
D:2:      layout_rooms, serial_shops, shop, basic_altar, grunt_decor_arrowhead,
          chequers_serial_rivers_micro_d
D:3:      lemuel_castle_with_subvaults [lemuel_castle_interior_carwin_1],
          layout_loops_cross, nicolae_overflow_ecumenical_swirl,
          mainiacjoe_overflow_tiny_flanked, old_standard_altar,
          mainiacjoe_overflow_six_doors_small, grunt_ministairs_13,
          uniq_natasha, uniq_terence
D:4:      layout_rooms
D:5:      layout_layer_cave, nicolae_ru_sacrificial_ziggurat,
          minmay_temple_entry_grid, uniq_duvessa, uniq_prince_ribbit1
D:6:      layout_loops_ring, nicolae_ossuary_entry_ruins,
          nicolae_underground_beach, uniq_pikel, uniq_menkaure
D:7:      wad_woods_stonehenge, layout_layer_cave, uniq_jeremiah
D:8:      layout_basic, chequers_temple_overflow_statue_of_worship,
          chequers_temple_overflow_minitemple, serial_shops, shop,
          minmay_misc_feat_rows, uniq_grum
D:9:      minmay_octagon_keep, layout_gridville, lemuel_crystal_altar,
          david_lair_shrubbed, nicolae_the_louvre
D:10:     layout_loops_corners, nicolae_hepliaklqana_hazy_memory,
          gammafunk_ghost_wrathful_warriors, serial_shops, shop_fountains,
          serial_bayou_lake_a
D:11:     minmay_the_grid_octo_tiled_squarecenter_mashed
          [minmay_the_grid_octo_vomiting_pacman, minmay_the_grid_octo_horde,
          minmay_the_grid_octo_concentric, minmay_the_grid_octo_checkered,
          minmay_the_grid_square_5x5_megaprize_crossed,
          minmay_the_grid_square_5x5_almost_minimal,
          minmay_the_grid_square_5x5_two_walls_b,
          minmay_the_grid_square_5x5_doubleslash,
          minmay_the_grid_square_5x5_half_checkered], layout_loops_corners,
          serial_shops, nicolae_shop_just_a_little_nook, uniq_harold, uniq_snorg
D:12:     gammafunk_sealed_library, layout_loops_cross,
          minmay_orc_entry_temple_small
D:13:     layout_roguey, david_vaults_4, serial_undead, serial_undead_f,
          serial_undead_f, serial_undead_b, serial_undead_a
Temple:   hellmonk_temple_divided_pantheon
Orc:1:    layout_diamond_mine, portal_ice_cave_entry_imps,
          nicolae_orc_crystal_geode
Orc:2:    grunt_orc_community_town_hall, layout_diamond_mine,
          grunt_orc_community_big_house_2, grunt_orc_community_big_house_1,
          grunt_orc_community_house_3, grunt_orc_community_house_3,
          grunt_orc_community_house_3, grunt_orc_community_house_3

Skill      XL: |  1  2  3  4  5  6  7  8  9 10 11 12 13 |
---------------+----------------------------------------+-----
Fighting       | 2 4 5 7 9 10 | 10.3
Short Blades   | 3 4 5 6 8 10 11 13 | 13.6
Armour         | 1 4 7 9 11 12 | 12.2
Dodging        | 3 4 5 6 |  6.4
Throwing       | |  1.9

Action                     |  1- 3 |  4- 6 |  7- 9 | 10-12 | 13-15 || total
---------------------------+-------+-------+-------+-------+-------++-------
  Melee: Rapier            |   124 |   189 |    58 |    37 |   776 ||  1184
         Bite              |    24 |    59 |   152 |   448 |   384 ||  1067
         Dagger            |       |     9 |   313 |   913 |    84 ||  1319
  Throw: Throwing net      |       |       |       |     5 |     3 ||     8
 Invoke: Potion Petition   |       |       |       |     1 |     2 ||     3
         Call Merchant     |       |       |       |     1 |       ||     1
    Use: Scroll            |     3 |     4 |     8 |     7 |     5 ||    27
   Stab: Sleeping          |     1 |       |       |       |       ||     1
         Held in net/web   |       |       |       |     2 |     9 ||    11
         Distracted        |       |       |       |       |     4 ||     4
 Armour: Leather armour    |   108 |    11 |       |       |       ||   119
         Chain mail        |       |   130 |   192 |   622 |   458 ||  1402
  Dodge: Dodged            |    95 |    84 |    97 |   291 |   323 ||   890

Table legend: (Time is in decaauts)
 A = Elapsed time spent in this place.
 B = Non-inter-level travel time spent in this place.
 C = Inter-level travel time spent in this place.
 D = Time resting spent in this place.
 E = Time spent auto-exploring this place.
 F = Levels seen in this place.
 G = Mean time per level.
                   A        B        C        D        E       F      G
               +--------+--------+--------+--------+--------+-----+--------+
         Total |  13896 |  13045 |    851 |    166 |   8671 |  18 |  772.0 |
       Dungeon |  11883 |  11079 |    804 |    160 |   7611 |  13 |  914.1 |
        Temple |     13 |      7 |      6 |      0 |      0 |   1 |   13.0 |
  Orcish Mines |   1631 |   1592 |     39 |      0 |    948 |   2 |  815.5 |
       Ossuary |    217 |    217 |      0 |      0 |    112 |   1 |  217.0 |
      Ice Cave |    149 |    149 |      0 |      6 |      0 |   1 |  149.0 |
               +--------+--------+--------+--------+--------+-----+--------+

Top non-repeatable levels by time:
    D:11: 1642 daAuts
     D:3: 1268 daAuts
    D:10: 1209 daAuts
     D:7: 1194 daAuts
     D:5: 1192 daAuts
    D:12: 1054 daAuts
   Orc:2: 1054 daAuts
     D:9: 972 daAuts
     D:6: 904 daAuts
     D:8: 654 daAuts
     D:1: 627 daAuts
     D:2: 600 daAuts
   Orc:1: 576 daAuts
     D:4: 463 daAuts
 Ossuary: 217 daAuts
